AoeStats
← carlosfe93

Arabia

505840653Analyzed
3v3 RM · 22d ago on Sep 11, 2026· 53m 22s· 6 players
Game mode
Random Map
Map size
Normal (6 player)
Population
200
Speed
Normal
Resources
Standard
Victory
Conquest
Starting age
Dark Age
Ending age
Imperial Age
RankedLock teamsTeams togetherTeam positionsShared explorationLock speedFull tech treeHidden civsTurbo modeCheats
Victory
Defeat
🇪🇸 Persians · Spain
733
+9
🇩🇪 Romans · Germany
705
+10
🇬🇷 Khmer · Greece
670
+11
🇳🇴 Mapuche · Norway
628
-12
🇫🇷 Persians · France
548
-9
🇹🇷 Byzantines · Türkiye
542
-9
Gojira
0:58 Loom
15:36 Feudal Age
16:01 Double-Bit Axe
17:21 Stone Mining
17:28 Gold Mining
18:33 Horse Collar
18:43 Man-at-Arms
24:12 Castle Age
24:33 Wheelbarrow
23:44 Town Watch
24:04 Long Swordsman
24:29 Gambesons
26:03 Stone Shaft Mining
26:22 Fervor
26:56 Murder Holes
28:52 Pikeman
29:33 Squires
30:43 Ballistics
30:28 Heated Shot
36:01 Imperial Age
37:23 Elite War Elephant
39:12 Heavy Plow
40:40 Citadels
42:07 Hand Cart
41:53 Town Patrol
46:53 Chemistry
Varg_1960
1:47 Loom
12:49 Feudal Age
13:52 Double-Bit Axe
13:50 Horse Collar
16:52 Town Watch
19:59 Castle Age
18:36 Gold Mining
19:15 Scale Mail Armor
22:40 Elite Skirmisher
23:35 Pikeman
40:33 Imperial Age
38:52 Fletching
39:15 Forging
emrecankurttt54
1:10 Loom
16:10 Feudal Age
16:38 Horse Collar
16:46 Double-Bit Axe
17:45 Wheelbarrow
21:22 Gold Mining
21:22 Stone Mining
26:22 Castle Age
24:35 Scale Mail Armor
24:46 Forging
24:00 Man-at-Arms
24:25 Arson
26:20 Fletching
29:01 Heavy Plow
29:05 Caravan
29:53 Iron Casting
29:33 Chain Mail Armor
29:49 Treadmill Crane
30:43 Bow Saw
36:07 Imperial Age
34:36 Murder Holes
34:55 Fortified Wall
35:25 Pikeman
36:05 Squires
38:47 Chemistry
39:06 Hand Cart
41:22 Two-Man Saw
41:00 Gold Shaft Mining
44:38 Halberdier
45:52 Plate Mail Armor
ME LENE GIORGO
4:23 Loom
12:09 Feudal Age
14:05 Double-Bit Axe
14:43 Horse Collar
18:23 Castle Age
19:31 Bow Saw
19:32 Scale Barding Armor
21:22 Chain Barding Armor
26:38 Wheelbarrow
26:46 Town Watch
29:03 Hand Cart
28:50 Town Patrol
34:41 Imperial Age
34:52 Ballistics
35:32 Double Crossbow
35:33 Tusk Swords
39:24 Elite Ballista Elephant
40:58 Plate Barding Armor
40:27 Heavy Scorpion
45:35 Conscription
47:48 Caravan
50:05 Spies/Treason
52:48 Fletching
52:58 Padded Archer Armor
53:09 Forging
52:59 Scale Mail Armor
53:09 Forging
53:43 Hoardings
52:38 Sappers
54:11 Chemistry
53:22 Masonry
53:17 Siege Engineers
53:22 Careening
53:08 Murder Holes
53:03 Guard Tower
53:24 Clinker Construction
53:25 Fortified Wall
53:06 Heated Shot
53:21 Siphons
53:09 Gold Mining
53:09 Stone Mining
53:10 Gold Mining
52:42 Capped Ram
52:43 Onager
52:54 Onager
53:42 Heavy Plow
carlosfe93
3:39 Loom
11:34 Feudal Age
11:53 Horse Collar
12:57 Double-Bit Axe
14:51 Gold Mining
19:29 Fletching
19:39 Padded Archer Armor
21:45 Castle Age
20:01 Stone Mining
22:45 Parthian Tactics
22:28 Scale Barding Armor
22:24 Scale Mail Armor
22:34 Forging
22:23 Bodkin Arrow
22:44 Leather Archer Armor
23:35 Wheelbarrow
24:12 Bow Saw
26:30 Caravan
28:11 Hand Cart
30:02 Stone Shaft Mining
30:51 Chain Barding Armor
31:14 Gold Shaft Mining
38:11 Imperial Age
38:31 Ballistics
38:17 Murder Holes
39:14 Plate Barding Armor
39:10 Ring Archer Armor
38:04 Heavy Cavalry Archer
39:30 Capped Ram
42:43 Two-Man Saw
41:49 Heavy Plow
42:05 Scale Mail Armor
42:16 Forging
45:19 Elite War Elephant
51:31 Chemistry
Zkittlez
3:51 Loom
4:00 Loom
13:15 Feudal Age
15:53 Wheelbarrow
15:24 Double-Bit Axe
15:22 Horse Collar
15:59 Gold Mining
16:06 Stone Mining
23:00 Castle Age
25:14 Bow Saw
25:25 Heavy Plow
25:51 Forging
25:47 Scale Barding Armor
26:25 Gold Shaft Mining
27:24 Hand Cart
29:25 Iron Casting
29:10 Chain Barding Armor
34:43 Imperial Age
33:14 Caravan
35:05 Elite Centurion
37:32 Conscription
38:43 Blast Furnace
38:19 Plate Barding Armor
39:41 Comitatenses
Connection lost

Rejoining the realm…

Still unreachable

The connection could not be restored.

Session expired

The server has moved on; the page needs a fresh start.